[Event "Titled Tuesday Blitz February 15 Early 2022"]
[White "Dvirnyy, Danyyil"]
[Black "Martirosyan, Haik M."]
[WhiteFideId "817570"]
[BlackFideId "13306553"]
[WhiteElo "2546"]
[BlackElo "2735"]
[Result "0-1"]
[Round "04"]
[TimeControl "180+1"]
[Date "2022.02.15"]
[WhiteClock "0:00:04"]
[BlackClock "0:00:44"]

1. d4 e6 2. e4 d5 3. exd5 exd5 4. Nf3 Bd6 5. c4 dxc4 6. Bxc4 Nf6 7. O-O O-O 8. Nc3 Nc6 9. h3 h6 10. Re1 Bf5 11. Ne5 Bxe5 12. dxe5 Qxd1 13. Nxd1 Nd7 14. Bf4 Be6 15. Rc1 Bxc4 16. Rxc4 Rae8 17. Rce4 Re6 18. Nc3 Nb6 19. Be3 Rfe8 20. Bxb6 axb6 21. f4 Ne7 22. Rd1 h5 23. Nd5 Rc6 24. Nxe7+ Rxe7 25. Rd2 Kh7 26. g4 b5 27. Kg2 Rc5 28. Kg3 b6 29. Kh4 hxg4 30. hxg4 g6 31. b4 Rc1 32. Kg5 Kg7 33. f5 gxf5 34. gxf5 Rxe5 35. Rxe5 f6+ 36. Kf4 Rf1+ 37. Kg4 fxe5 38. Rd8 Kf6 39. Rf8+ Ke7 40. Rc8 Rc1 41. a3 Rc3 42. Rh8 Rxa3 43. Rh7+ Kd6 44. Kg5 Rg3+ 45. Kf6 e4 46. Re7 e3 47. Re6+ Kd5 48. Re7 c5 49. Kf7 cxb4 50. f6 b3 51. Rd7+ Kc4 52. Rc7+ Kb4 53. Rc1 b2 54. Re1 Kc3 55. Ke7 Kd2 56. Rb1 Kc2 57. f7 Rg7 58. Rg1 Rxf7+ 59. Kxf7 b1=Q 0-1


[Site "https://www.chess.com"]

[Event "Titled Tuesday Blitz February 15 Early 2022"]
[White "Dzhaparov, Medet"]
[Black "Piliczewski, Bogusz"]
[WhiteFideId "13803689"]
[BlackFideId "1104144"]
[WhiteElo "1702"]
[BlackElo "1896"]
[Result "1-0"]
[Round "04"]
[TimeControl "180+1"]
[Date "2022.02.15"]
[WhiteClock "0:01:16"]
[BlackClock "0:00:02"]

1. e4 c6 2. d4 d5 3. exd5 cxd5 4. Bb5+ Nc6 5. Nc3 Nf6 6. Nf3 Bg4 7. O-O e6 8. h3 Bh5 9. Be2 Bxf3 10. Bxf3 h6 11. Re1 Be7 12. Bf4 O-O 13. Be5 Rc8 14. Bxf6 Bxf6 15. Ne2 Qb6 16. Rb1 Nxd4 17. Nxd4 Bxd4 18. Qe2 Rc7 19. c3 Bf6 20. Red1 Rfc8 21. Rd3 d4 22. cxd4 Bxd4 23. Rd2 Rc1+ 24. Rxc1 Rxc1+ 25. Kh2 Qc7+ 26. g3 Bf6 27. b3 g6 28. Qb5 b6 29. Qe8+ Kg7 30. Rd7 Qxd7 31. Qxd7 Rc2 32. Qxa7 Rxf2+ 33. Bg2 Bd4 34. a4 Rb2 35. Qd7 Bc5 36. Qb5 Rb1 37. a5 Bg1+ 38. Kh1 Bf2+ 39. Bf1 bxa5 40. Kg2 1-0


[Site "https://www.chess.com"]

[Event "Titled Tuesday Blitz February 15 Early 2022"]
[White "Eggleston, Thomas A"]
[Black "Maranhao,Jose Renato Ruiz"]
[WhiteFideId "412139"]
[BlackFideId "2135175"]
[WhiteElo "2174"]
[BlackElo "1970"]
[Result "0-1"]
[Round "04"]
[TimeControl "180+1"]
[Date "2022.02.15"]
[WhiteClock "0:00:02"]
[BlackClock "0:00:03"]

1. e4 c6 2. d4 d5 3. exd5 cxd5 4. c4 Nc6 5. Nc3 Nf6 6. Bg5 Ne4 7. Nxe4 dxe4 8. d5 Ne5 9. Qd4 f6 10. Bf4 e6 11. O-O-O Nd3+ 12. Bxd3 exd3 13. Nf3 e5 14. Rhe1 Be7 15. Nxe5 fxe5 16. Bxe5 O-O 17. Rxd3 Bf5 18. Rg3 Bf6 19. Bxf6 Qxf6 20. Qxf6 Rxf6 21. Re7 Rf7 22. Rge3 Rc8 23. b3 b5 24. Re8+ Rf8 25. Rxf8+ Kxf8 26. Rf3 Ke7 27. Rxf5 bxc4 28. bxc4 Rxc4+ 29. Kd2 Ra4 30. Rg5 Rxa2+ 31. Ke3 g6 32. f4 a5 33. Kd3 a4 34. Kc3 Ra1 35. Re5+ Kd6 36. Kb2 Rg1 37. Re2 Kxd5 38. Ka3 Ra1+ 39. Kb2 Rf1 40. g3 Rf3 41. Ka2 Kc4 42. Kb2 Kb4 43. Ka2 Rb3 44. Re4+ Kb5 45. Re5+ Kb4 46. Re4+ Kb5 47. Re7 Rc3 48. Rb7+ Kc4 49. Rxh7 Rc2+ 0-1


[Site "https://www.chess.com"]

[Event "Titled Tuesday Blitz February 15 Early 2022"]
[White "Eynullayev, Altay"]
[Black "Kostiukov, Alexandr"]
[WhiteFideId "13413562"]
[BlackFideId "14108100"]
[WhiteElo "2079"]
[BlackElo "2202"]
[Result "1-0"]
[Round "04"]
[TimeControl "180+1"]
[Date "2022.02.15"]
[WhiteClock "0:00:16"]
[BlackClock "0:00:34"]

1. e4 c5 2. Nf3 g6 3. c4 Bg7 4. d4 cxd4 5. Nxd4 Nc6 6. Be3 Nf6 7. Nc3 O-O 8. Be2 Nxd4 9. Bxd4 Qa5 10. O-O d6 11. Qd3 Be6 12. b3 Nd7 13. Bxg7 Kxg7 14. h4 h5 15. f4 Nc5 16. Qd4+ f6 17. f5 Bf7 18. fxg6 Bxg6 19. Nd5 Ne6 20. Qe3 Qc5 21. Qxc5 Nxc5 22. Nxe7 Nxe4 23. Nxg6 Kxg6 24. Rad1 f5 25. Rf3 Rad8 26. Bd3 Rf6 27. Re1 Re8 28. Rf4 Rfe6 29. Ref1 Re5 30. Kh2 R8e6 31. Kg1 a5 32. R1f3 b6 33. a3 Rf6 34. Re3 Nc5 35. Kf2 Rxe3 36. Kxe3 Nxb3 37. g4 Re6+ 38. Kf2 hxg4 39. Bxf5+ Kf6 40. Bxe6+ Kxe6 41. h5 Nc1 42. Kg3 Nd3 43. Rf1 Ne5 44. h6 Nf7 45. h7 Nh8 46. Kxg4 d5 47. cxd5+ Kxd5 48. Kg5 b5 49. Rf8 1-0


[Site "https://www.chess.com"]

[Event "Titled Tuesday Blitz February 15 Early 2022"]
[White "Eynullayev, Atilla"]
[Black "Barp, Alberto"]
[WhiteFideId "13413570"]
[BlackFideId "872555"]
[WhiteElo "1979"]
[BlackElo "2229"]
[Result "1-0"]
[Round "04"]
[TimeControl "180+1"]
[Date "2022.02.15"]
[WhiteClock "0:02:50"]
[BlackClock "0:01:29"]

1. e4 c6 2. d4 d5 3. e5 Bf5 4. Bd3 Bxd3 5. Qxd3 e6 6. Ne2 Qa5+ 7. Nbc3 Qa6 8. Qh3 c5 9. Nxd5 exd5 10. Qc8+ Ke7 11. Qxc5+ Ke8 12. Qc8+ Ke7 13. Bd2 Qb6 14. Nf4 1-0


[Site "https://www.chess.com"]

[Event "Titled Tuesday Blitz February 15 Early 2022"]
[White "Ezat, Mohamed"]
[Black "Hess, Robert"]
[WhiteFideId "10600906"]
[BlackFideId "2022036"]
[WhiteElo "2386"]
[BlackElo "2557"]
[Result "1-0"]
[Round "04"]
[TimeControl "180+1"]
[Date "2022.02.15"]
[WhiteClock "0:00:08"]
[BlackClock "0:00:01"]

1. d4 g6 2. c4 Bg7 3. e4 e6 4. Nc3 Ne7 5. h4 h6 6. Nf3 d6 7. Bf4 b6 8. Qd2 Bb7 9. O-O-O Nd7 10. Kb1 a6 11. Bd3 Nf6 12. Bc2 Nh5 13. Bh2 Nf6 14. Qe2 Ng4 15. Bg3 h5 16. Ng5 O-O 17. f3 Nh6 18. Bf2 b5 19. c5 b4 20. Na4 Bc6 21. g4 Qd7 22. b3 Bb5 23. Qe3 hxg4 24. h5 f6 25. hxg6 fxg5 26. Qxg5 Qe8 27. Rxh6 Bxh6 28. Qxh6 Qxg6 29. Qh4 Rxf3 30. Rg1 Rf4 31. Bg3 Rf7 32. cxd6 Rh7 33. e5 Nf5 34. Qf6 Qxf6 35. exf6 cxd6 36. Nb6 Rf8 37. d5 Rxf6 38. dxe6 Rg7 39. Nd5 Rxe6 40. Bxf5 Re2 41. Bxd6 Rd2 42. Ne7+ Kf7 43. Bxb4 Rd4 44. Bc8 Rxb4 45. Bb7 1-0


[Site "https://www.chess.com"]

[Event "Titled Tuesday Blitz February 15 Early 2022"]
[White "FGHSMN"]
[Black "Navara, David"]
[BlackFideId "309095"]
[WhiteElo "2718"]
[BlackElo "2686"]
[Result "0-1"]
[Round "04"]
[TimeControl "180+1"]
[Date "2022.02.15"]
[WhiteClock "0:00:01"]
[BlackClock "0:00:07"]

1. e4 c5 2. Nf3 d6 3. d4 cxd4 4. Nxd4 Nf6 5. Nc3 a6 6. Rg1 e5 7. Nb3 h5 8. Bg5 Be7 9. Be2 Nbd7 10. a4 b6 11. Qd2 Bb7 12. f3 O-O 13. h4 Bc6 14. Bd3 b5 15. axb5 axb5 16. Rxa8 Qxa8 17. Nxb5 d5 18. exd5 Bxd5 19. Be3 Bxb3 20. cxb3 e4 21. fxe4 Nxe4 22. Bxe4 Qxe4 23. Nc3 Qxh4+ 24. g3 Qg4 25. Kf2 Ne5 26. Qe2 Qf5+ 27. Kg2 Ng4 28. Rf1 Qd7 29. Bf4 Bc5 30. Qf3 Re8 31. Rd1 Qe6 32. Qd5 Bb4 33. Qxe6 Rxe6 34. Nd5 Re2+ 35. Kf3 Rf2+ 36. Ke4 Rxb2 37. Nxb4 Nf2+ 38. Kf5 Nxd1 39. Nd5 Rxb3 40. Ne7+ Kh7 41. Kg5 Rb5+ 42. Kh4 Nf2 43. g4 Nxg4 44. Kg3 f6 45. Nc6 g5 0-1


[Site "https://www.chess.com"]

[Event "Titled Tuesday Blitz February 15 Early 2022"]
[White "Fedoseev, Vladimir"]
[Black "Wong, Yinn Long"]
[WhiteFideId "24130737"]
[BlackFideId "5707684"]
[WhiteElo "2726"]
[BlackElo "2055"]
[Result "1-0"]
[Round "04"]
[TimeControl "180+1"]
[Date "2022.02.15"]
[WhiteClock "0:00:07"]
[BlackClock "0:00:01"]

1. e4 c5 2. Nf3 g6 3. d4 cxd4 4. Nxd4 Nc6 5. Nc3 Bg7 6. Be3 Nf6 7. Bc4 O-O 8. Bb3 a5 9. O-O d6 10. f3 Nxd4 11. Bxd4 Bd7 12. a4 Bc6 13. Qd2 Nd7 14. Be3 Nc5 15. Bc4 Qb6 16. Nb5 Rac8 17. c3 Bxb5 18. Bxb5 Qc7 19. Rad1 Rfd8 20. Rfe1 h5 21. Qf2 Rf8 22. h4 Bf6 23. g3 Kh7 24. Kg2 Bg7 25. Rd5 e6 26. Rd2 Bh6 27. Bxh6 Kxh6 28. Red1 Rfd8 29. Qe3+ Kg7 30. b4 Na6 31. Rd3 e5 32. Qe1 Qb6 33. Qd2 Nc7 34. bxa5 Qxa5 35. c4 Qxd2+ 36. R1xd2 Nxb5 37. cxb5 Rc4 38. Rxd6 Rxd6 39. Rxd6 Rxa4 40. Rd7 Ra2+ 41. Kf1 b6 42. Rd6 Ra3 43. Ke2 Ra2+ 44. Kd3 Ra3+ 45. Kc4 Rxf3 46. Rxb6 Rxg3 47. Ra6 g5 48. hxg5 h4 49. b6 Rg1 50. Kc5 Rb1 51. Ra2 Kg6 52. Rg2 h3 53. Rh2 Rb3 54. Rf2 Kxg5 55. Rxf7 h2 56. Rh7 Rb2 57. b7 Kf4 58. Kc6 Kxe4 59. Rxh2 Rc2+ 60. Rxc2 1-0


[Site "https://www.chess.com"]

[Event "Titled Tuesday Blitz February 15 Early 2022"]
[White "Fernandez, Michael"]
[Black "Al Hosani, Omran"]
[WhiteFideId "5803560"]
[BlackFideId "9308733"]
[WhiteElo "2110"]
[BlackElo "2246"]
[Result "1-0"]
[Round "04"]
[TimeControl "180+1"]
[Date "2022.02.15"]
[WhiteClock "0:01:02"]
[BlackClock "0:00:54"]

1. b4 e5 2. Bb2 Bxb4 3. Bxe5 Nf6 4. Nf3 O-O 5. e3 Re8 6. c3 Bf8 7. d4 d6 8. Bg3 Bf5 9. Bd3 Qd7 10. O-O Nc6 11. c4 Nb4 12. Bxf5 Qxf5 13. Nc3 d5 14. c5 Ne4 15. Ne2 Nc6 16. Bxc7 g5 17. Ng3 Qg6 18. Ne5 Nxe5 19. Bxe5 f6 20. Nxe4 Qxe4 21. Bxf6 Qf5 22. Be5 Bxc5 23. Qb3 Bb6 24. Qxd5+ Qf7 25. Qxf7+ Kxf7 26. Rfc1 Rac8 27. Kf1 Ke6 28. Ke2 Kd5 29. Kd3 g4 30. Bg3 h5 31. a4 Rf8 32. a5 1-0


[Site "https://www.chess.com"]

[Event "Titled Tuesday Blitz February 15 Early 2022"]
[White "Fernandez Siles, Luis"]
[Black "Seemann, Jakub"]
[WhiteFideId "2209420"]
[BlackFideId "21874697"]
[WhiteElo "2212"]
[BlackElo "2003"]
[Result "0-1"]
[Round "04"]
[TimeControl "180+1"]
[Date "2022.02.15"]
[WhiteClock "0:01:03"]
[BlackClock "0:01:50"]

1. e4 c6 2. d4 d5 3. exd5 cxd5 4. c4 Nf6 5. Nc3 Nc6 6. Bg5 e6 7. Nf3 Be7 8. Bd3 dxc4 9. Bxc4 b6 10. O-O O-O 11. a3 Bb7 12. Qd3 h6 13. Bh4 Nd5 14. Bxd5 Bxh4 15. Nxh4 Qxh4 16. Qe4 Qxe4 17. Bxe4 Rfd8 18. d5 exd5 19. Bxd5 Rac8 20. Rad1 Ba8 21. f3 Ne5 22. Bxa8 Rxa8 23. Rfe1 Nc4 24. Rxd8+ Rxd8 25. Re7 Rd2 26. Rxa7 Rxb2 27. a4 Ne3 28. g3 Rg2+ 29. Kh1 Rc2 0-1


[Site "https://www.chess.com"]

[Event "Titled Tuesday Blitz February 15 Early 2022"]
[White "Fiorito, Fabian"]
[Black "De Souza Sa, Apolo"]
[WhiteFideId "100200"]
[BlackFideId "324225390"]
[WhiteElo "2395"]
[BlackElo "1828"]
[Result "0-1"]
[Round "04"]
[TimeControl "180+1"]
[Date "2022.02.15"]
[WhiteClock "0:01:25"]
[BlackClock "0:00:05"]

1. d4 Nf6 2. Nc3 d5 3. Bf4 g6 4. e3 Bg7 5. Be2 O-O 6. h4 c5 7. Nf3 Nc6 8. Ne5 cxd4 9. exd4 Qb6 10. Nxc6 bxc6 11. Na4 Qa5+ 12. c3 Ba6 13. b4 Bxe2 14. bxa5 Bxd1 15. Rxd1 Ne4 16. O-O Rac8 17. f3 Nf6 18. Rfe1 e6 19. Nc5 Rfd8 20. a6 Nd7 21. Nb7 Re8 22. Bd6 e5 23. Bc5 Nxc5 24. dxc5 Re7 25. Nd6 Rcc7 26. Rb1 Bf6 27. Rb8+ Kg7 28. Ne8+ Rxe8 29. Rxe8 e4 30. fxe4 Bxc3 31. Rb8 Bxe1 32. Rb7 Ba5 33. exd5 cxd5 34. Kf2 Rxc5 35. Rxa7 Rc6 36. Ra8 Rc7 37. Ke2 Bb6 38. Rb8 Bc5 39. Rb5 Kf6 40. Kd3 Ke5 41. a4 Rc6 42. a5 Ba7 43. Rb7 Rxa6 44. Rxf7 h5 45. Re7+ Kf6 46. Rd7 Ke6 47. Rg7 Ke5 48. Re7+ Kd6 49. Rg7 Kc5 50. Rc7+ Kd6 51. Rg7 Rxa5 52. Rxg6+ Kc5 53. Rg5 Ra3+ 54. Kc2 Kc4 55. Rg7 Bc5 56. g4 hxg4 57. Rxg4+ d4 58. h5 Rh3 59. Rg5 Rh2+ 60. Kb1 Bb4 61. h6 Rxh6 62. Rg8 Rh2 63. Kc1 Kb3 64. Rc8 Rh1# 0-1


[Site "https://www.chess.com"]

[Event "Titled Tuesday Blitz February 15 Early 2022"]
[White "Gabrielian, Artur"]
[Black "Shuvalov, Evgenij"]
[WhiteFideId "4131002"]
[BlackFideId "4187237"]
[WhiteElo "2440"]
[BlackElo "2119"]
[Result "1-0"]
[Round "04"]
[TimeControl "180+1"]
[Date "2022.02.15"]
[WhiteClock "0:00:14"]
[BlackClock "0:00:05"]

1. e4 e6 2. d4 d5 3. Nc3 Bb4 4. e5 c5 5. a3 Bxc3+ 6. bxc3 Ne7 7. Qg4 Qc7 8. Qxg7 Rg8 9. Qxh7 cxd4 10. Ne2 Nbc6 11. f4 Bd7 12. Qd3 dxc3 13. Rb1 d4 14. g3 O-O-O 15. Bg2 Nf5 16. Be4 Kb8 17. a4 Bc8 18. Ba3 Ne3 19. h4 Nxe5 20. fxe5 Qxe5 21. Rb5 Qc7 22. Rc5 Qb6 23. Qb5 f5 24. Bd3 Bd7 25. Qxb6 axb6 26. Re5 Bxa4 27. Rxe3 dxe3 28. Nxc3 Bc6 29. Rg1 f4 30. Bc1 Rxg3 31. Rxg3 fxg3 32. Bxe3 g2 33. h5 Rh8 34. Be2 Rg8 35. Bg1 Rg3 36. Nd1 Rh3 37. Ne3 Rh1 38. Kf2 b5 39. Bg4 Kc7 40. Nxg2 Bxg2 41. Kxg2 Rh4 42. Bf3 b4 43. Bf2 Rc4 44. h6 Kd7 45. h7 Rc8 46. Bd4 e5 47. Bxe5 Rf8 48. h8=Q Rxh8 49. Bxh8 Ke6 50. Bb2 b5 51. Kf2 Kd6 52. Ke3 Kc5 53. Kd3 b3 54. cxb3 Kb4 55. Kc2 1-0


[Site "https://www.chess.com"]

[Event "Titled Tuesday Blitz February 15 Early 2022"]
[White "Galchenko, Matvey"]
[Black "Shtyka, Sergey"]
[WhiteFideId "24175480"]
[BlackFideId "4138465"]
[WhiteElo "2453"]
[BlackElo "2014"]
[Result "1-0"]
[Round "04"]
[TimeControl "180+1"]
[Date "2022.02.15"]
[WhiteClock "0:00:46"]
[BlackClock "0:01:51"]

1. c4 c5 2. g3 Nc6 3. Bg2 g6 4. Nc3 Bg7 5. Nf3 Nf6 6. O-O O-O 7. d4 cxd4 8. Nxd4 Nxd4 9. Qxd4 d6 10. Qd2 Ng4 11. b3 Ne5 12. Bb2 Nc6 13. Rfd1 Bf5 14. Rac1 Rc8 15. Nd5 Bxb2 16. Qxb2 Be6 17. Nf4 Qa5 18. c5 dxc5 19. Nxe6 fxe6 20. Bh3 Nd4 21. Rxd4 cxd4 22. Bxe6+ Kg7 23. Qxd4+ Kh6 24. Bxc8 Qxa2 25. Qe3+ g5 26. Qxe7 Rg8 27. Bf5 Rg7 28. Qf6+ 1-0


[Site "https://www.chess.com"]

[Event "Titled Tuesday Blitz February 15 Early 2022"]
[White "Galyas, Miklos"]
[Black "Lopez Del Alamo, Antonio"]
[WhiteFideId "707244"]
[BlackFideId "2227339"]
[WhiteElo "2409"]
[BlackElo "2082"]
[Result "1-0"]
[Round "04"]
[TimeControl "180+1"]
[Date "2022.02.15"]
[WhiteClock "0:00:43"]
[BlackClock "0:01:04"]

1. c4 Nf6 2. Nc3 g6 3. g3 Bg7 4. Bg2 O-O 5. d3 d6 6. Bg5 h6 7. Bd2 e5 8. e4 Kh7 9. Nge2 Ng8 10. O-O f5 11. exf5 gxf5 12. f4 Nc6 13. Be3 Nf6 14. Kh1 Ng4 15. Bg1 Nd4 16. h3 Nxe2 17. Qxe2 Nf6 18. Rad1 Re8 19. fxe5 dxe5 20. Nd5 c6 21. Nxf6+ Qxf6 22. g4 f4 23. Be4+ Kh8 24. Qf3 Be6 25. b3 Rad8 26. Rd2 a6 27. Rfd1 Bg8 28. d4 exd4 29. Bxd4 Qg5 30. Bxg7+ Kxg7 31. Rxd8 Rxd8 32. Rxd8 Qxd8 33. Qxf4 Bf7 34. Qe5+ Kg8 35. Bg2 Qh4 36. Kh2 Qd8 37. Qf4 Qg5 38. Qxg5+ hxg5 39. Kg3 Kg7 40. h4 gxh4+ 41. Kxh4 Bg6 42. Kg5 Bb1 43. c5 Bxa2 44. b4 Kf7 45. Kf5 Ke7 46. Ke5 Bg8 47. g5 Bf7 48. Bh3 1-0


[Site "https://www.chess.com"]

[Event "Titled Tuesday Blitz February 15 Early 2022"]
[White "Garagulya, Konstantin"]
[Black "Abdrlauf, Elham"]
[WhiteFideId "4128931"]
[BlackFideId "1533533"]
[WhiteElo "2329"]
[BlackElo "2334"]
[Result "1-0"]
[Round "04"]
[TimeControl "180+1"]
[Date "2022.02.15"]
[WhiteClock "0:00:10"]
[BlackClock "0:00:02"]

1. d4 Nf6 2. Nf3 d5 3. c4 e6 4. Bg5 Be7 5. Nbd2 O-O 6. e3 Nbd7 7. Qc2 h6 8. Bh4 b6 9. cxd5 exd5 10. Qc6 Rb8 11. Bg3 Rb7 12. Rc1 Nb8 13. Bxc7 Nxc6 14. Bxd8 Rxd8 15. Rxc6 Bd7 16. Rc1 Be8 17. Ba6 Rbb8 18. Bd3 Bd6 19. Ke2 b5 20. h3 a5 21. Rc2 a4 22. Rhc1 b4 23. b3 Ra8 24. Ne5 axb3 25. axb3 Ra3 26. f3 Kf8 27. Nc6 Rda8 28. Kf2 Ra2 29. Ne5 Bxe5 30. dxe5 Nd7 31. f4 Nc5 32. Ke2 Ne6 33. Nf3 g6 34. g3 R8a3 35. Rxa2 Rxa2+ 36. Rc2 Ra3 37. Rb2 Nc5 38. Bc2 Bd7 39. g4 Bb5+ 40. Kd2 Bf1 41. h4 Bg2 42. Nd4 Be4 43. Nc6 Ra1 44. Nxb4 Rh1 45. Kc3 Rxh4 46. Bxe4 Nxe4+ 47. Kd4 Rxg4 48. Nxd5 Ng3 49. b4 Nf5+ 50. Kd3 Rg1 51. e4 Ne7 52. b5 Rd1+ 53. Kc4 Rc1+ 54. Kd4 Nc8 55. b6 Rd1+ 56. Ke3 Nxb6 57. Rxb6 Re1+ 58. Kf3 Rf1+ 59. Ke2 Ra1 60. Rb8+ Kg7 61. Nf6 h5 62. Rg8+ Kh6 63. Rh8+ Kg7 64. Rh7+ Kf8 65. e6 fxe6 66. Nd7+ Kg8 67. Re7 Ra6 68. Nc5 Ra2+ 69. Ke3 Ra3+ 70. Kd4 h4 71. Ke5 h3 72. Kf6 h2 73. Nxe6 Ra6 74. Kxg6 Ra8 75. Rg7+ Kh8 76. Rh7+ Kg8 77. Rxh2 Ra5 78. Rb2 Ra8 79. Rd2 Kh8 80. Rd8+ 1-0


[Site "https://www.chess.com"]

[Event "Titled Tuesday Blitz February 15 Early 2022"]
[White "Gatterer, Florian"]
[Black "Vargas Pereda, Jesus Manue"]
[WhiteFideId "811688"]
[BlackFideId "5115710"]
[WhiteElo "2218"]
[BlackElo "1769"]
[Result "1-0"]
[Round "04"]
[TimeControl "180+1"]
[Date "2022.02.15"]
[WhiteClock "0:00:26"]
[BlackClock "0:00:26"]

1. Nf3 Nf6 2. c4 g6 3. b3 Bg7 4. Bb2 O-O 5. g3 d6 6. Bg2 c6 7. O-O Qa5 8. h3 Qh5 9. g4 Qa5 10. d4 Nbd7 11. Nc3 d5 12. Nd2 e5 13. e3 exd4 14. exd4 Qc7 15. f4 dxc4 16. bxc4 Re8 17. Kh1 Nf8 18. Ne2 b6 19. Bc3 Bb7 20. Rf2 Re3 21. Nf1 Re7 22. Nfg3 Rae8 23. Qd2 c5 24. d5 Qd6 25. a4 a5 26. Rb1 Ba6 27. Qd3 Re3 28. Qd2 Bxc4 29. Be5 R3xe5 30. fxe5 Qxe5 31. Rxb6 Bxd5 32. Rb1 Bxg2+ 33. Kxg2 Ne4 34. Nxe4 Qxe4+ 35. Kh2 Qxb1 36. Ng3 Re1 37. Qd5 Be5 38. Qxf7+ Kh8 39. Qxf8# 1-0


[Site "https://www.chess.com"]

[Event "Titled Tuesday Blitz February 15 Early 2022"]
[White "Gelman, Alexander"]
[Black "Subelj, Jan"]
[WhiteFideId "4118316"]
[BlackFideId "14618583"]
[WhiteElo "2375"]
[BlackElo "2248"]
[Result "1-0"]
[Round "04"]
[TimeControl "180+1"]
[Date "2022.02.15"]
[WhiteClock "0:01:25"]
[BlackClock "0:01:41"]

1. d4 d5 2. Nc3 Nf6 3. Bf4 e6 4. Nb5 Na6 5. e3 c6 6. Nc3 Nc7 7. Nf3 Bd6 8. Ne5 O-O 9. Qf3 Bb4 10. Bd3 Nb5 11. O-O Nxc3 12. bxc3 Bxc3 13. Rab1 Ne4 14. Bxe4 dxe4 15. Qxe4 Bd7 16. Rxb7 Be8 17. Nxc6 Bxc6 18. Qxc6 Rc8 19. Bc7 Bd2 20. Rd1 1-0


[Site "https://www.chess.com"]

[Event "Titled Tuesday Blitz February 15 Early 2022"]
[White "Goldin, Roman"]
[Black "Pourkashiyan, Atousa"]
[WhiteFideId "2803860"]
[BlackFideId "12502014"]
[WhiteElo "2312"]
[BlackElo "2247"]
[Result "0-1"]
[Round "04"]
[TimeControl "180+1"]
[Date "2022.02.15"]
[WhiteClock "0:00:02"]
[BlackClock "0:00:08"]

1. e4 c5 2. Nf3 e6 3. c3 Nf6 4. e5 Nd5 5. g3 Nc6 6. Bg2 d6 7. exd6 Qxd6 8. O-O Be7 9. Re1 O-O 10. Na3 a6 11. Nc4 Qc7 12. a4 Bd7 13. a5 Rad8 14. d3 f6 15. Qb3 Kh8 16. h4 e5 17. Ncxe5 Nxe5 18. Nxe5 fxe5 19. Qxd5 Bc6 20. Qxe5 Bd6 21. Qh5 Bxg3 22. Be3 Bf4 23. Qxc5 Bxe3 24. Qxe3 Rf6 25. Qg3 Qc8 26. Re5 Rdf8 27. Rae1 h6 28. R1e2 Bxg2 29. Qxg2 Qd8 30. Re7 Rg8 31. d4 Qxa5 32. Rxb7 Qh5 33. Re5 Qxh4 34. Rbe7 Rf4 35. Re4 Rxe4 36. Rxe4 Qf6 37. Qg4 Rf8 38. Re2 Qb6 39. Qe6 Qb8 40. Qe7 Qf4 41. Qe4 Qg5+ 42. Qg2 Qf4 43. Qg3 Qf5 44. Kg2 Rf6 45. Re5 Qc2 46. Re8+ Kh7 47. Qe5 Rg6+ 48. Kh3 Qd3+ 49. Qe3 Qf1+ 50. Kh4 Qh1+ 51. Qh3 Qg1 52. Qc8 Qh2+ 53. Qh3 Qxf2+ 54. Kh5 Qg1 0-1


[Site "https://www.chess.com"]

[Event "Titled Tuesday Blitz February 15 Early 2022"]
[White "Golizadeh, Asghar"]
[Black "Golsta, Madara"]
[WhiteFideId "12505269"]
[BlackFideId "11607386"]
[WhiteElo "2403"]
[BlackElo "1997"]
[Result "1-0"]
[Round "04"]
[TimeControl "180+1"]
[Date "2022.02.15"]
[WhiteClock "0:01:33"]
[BlackClock "0:00:02"]

1. e4 c5 2. Nf3 d6 3. Bb5+ Nd7 4. d4 cxd4 5. Qxd4 a6 6. Bxd7+ Bxd7 7. c4 Rc8 8. Nc3 b5 9. cxb5 axb5 10. O-O e5 11. Qd3 Nf6 12. Bg5 Be7 13. Bxf6 gxf6 14. Nd5 Bf8 15. Rfd1 Be6 16. Nh4 Rc4 17. Qf3 Bxd5 18. Rxd5 Rg8 19. g3 Be7 20. Nf5 Qa5 21. Rad1 Rc6 22. a3 Rc2 23. Nxe7 Kxe7 24. Rxd6 Rg6 25. Qb3 Rc4 26. Qd3 Kf8 27. Rd8+ Kg7 28. Qd6 h5 29. Qf8+ Kh7 30. Qh8# 1-0


[Site "https://www.chess.com"]

[Event "Titled Tuesday Blitz February 15 Early 2022"]
[White "Goltseva, Ekaterina"]
[Black "Rostovtsev, Dmitry"]
[WhiteFideId "24173770"]
[BlackFideId "34278320"]
[WhiteElo "2140"]
[BlackElo "2218"]
[Result "0-1"]
[Round "04"]
[TimeControl "180+1"]
[Date "2022.02.15"]
[WhiteClock "0:00:03"]
[BlackClock "0:00:12"]

1. d4 Nf6 2. c4 g6 3. Nc3 Bg7 4. e4 O-O 5. Nge2 d6 6. Ng3 c5 7. d5 e6 8. Be2 exd5 9. cxd5 Re8 10. O-O a6 11. a4 h5 12. Bg5 Nbd7 13. f3 Qb6 14. Qd2 Ne5 15. a5 Qc7 16. h3 b5 17. axb6 Qxb6 18. f4 c4+ 19. Kh1 Nd3 20. Bxd3 cxd3 21. e5 Nd7 22. Na4 Qd4 23. e6 Nc5 24. exf7+ Kxf7 25. Nxc5 dxc5 26. f5 h4 27. fxg6+ Kxg6 28. Rf4 Qe3 29. Rf6+ Bxf6 30. Bxe3 hxg3 31. Qxd3+ Bf5 32. Qd2 c4 33. Bd4 Bg5 34. Qc3 Re4 35. Qxc4 Rae8 36. Qxa6+ Kh5 37. Bg1 Re2 38. Rf1 Bxh3 39. Bf2 Rxf2 40. Rxf2 gxf2 41. gxh3 Re1+ 42. Kg2 Be3 43. Qd3 Rg1+ 44. Kh2 f1=Q 45. Qh7+ Kg5 46. Qg7+ Kf4 47. Qf6+ Ke4 48. Qe6+ Kd3 49. Qa6+ Kd2 50. Qa5+ Ke2 51. Qb5+ Kf2 52. Qe2+ Qxe2 0-1


[Site "https://www.chess.com"]

[Event "Titled Tuesday Blitz February 15 Early 2022"]
[White "Golubenko, Valentina"]
[Black "Stromboli, Ettore"]
[WhiteFideId "4501993"]
[BlackFideId "813761"]
[WhiteElo "2164"]
[BlackElo "2414"]
[Result "0-1"]
[Round "04"]
[TimeControl "180+1"]
[Date "2022.02.15"]
[WhiteClock "0:00:02"]
[BlackClock "0:00:13"]

1. d4 Nf6 2. g3 e6 3. Bg2 c5 4. Nf3 Nc6 5. c4 cxd4 6. Nxd4 Bb4+ 7. Nc3 O-O 8. O-O Ne5 9. Qb3 Qa5 10. Ncb5 a6 11. Nc3 Qc5 12. Bf4 Bxc3 13. Qxc3 Nxc4 14. b3 e5 15. Bxe5 Qxe5 16. Qxc4 d5 17. Qd3 Be6 18. Rac1 Rac8 19. Rfd1 h6 20. f4 Qd6 21. Nf5 Bxf5 22. Qxf5 Rxc1 23. Rxc1 Qa3 24. Rc2 Rd8 25. Qe5 Qb4 26. Qc3 Qb6+ 27. Qc5 Qe6 28. h3 Ne4 29. Qe3 f5 30. Kh2 d4 31. Qd3 Rd6 32. Qc4 Qxc4 33. Rxc4 Nc3 34. Bxb7 Nxe2 35. Bf3 d3 36. Kg2 Nd4 0-1


[Site "https://www.chess.com"]

[Event "Titled Tuesday Blitz February 15 Early 2022"]
[White "Goryachkina, Aleksandra"]
[Black "Stankovic, Ivan G"]
[WhiteFideId "4147103"]
[BlackFideId "902837"]
[WhiteElo "2426"]
[BlackElo "2195"]
[Result "1-0"]
[Round "04"]
[TimeControl "180+1"]
[Date "2022.02.15"]
[WhiteClock "0:00:18"]
[BlackClock "0:00:03"]

1. e4 c5 2. Nf3 Nc6 3. Bb5 g6 4. O-O Bg7 5. Re1 Nf6 6. e5 Nd5 7. Nc3 Nc7 8. Bxc6 dxc6 9. d3 O-O 10. h3 Ne6 11. Ne4 b6 12. Neg5 c4 13. dxc4 Qxd1 14. Rxd1 Nxg5 15. Bxg5 f6 16. exf6 exf6 17. Be3 Bf5 18. Nd4 Bd7 19. Rd2 f5 20. Nf3 Be6 21. Bd4 Bxc4 22. Bxg7 Kxg7 23. Ne5 Bd5 24. c4 Be6 25. Rd6 Kf6 26. Nxc6 Rfe8 27. Re1 Kf7 28. b3 f4 29. Nd4 Bc8 30. Rxe8 Kxe8 31. Rf6 g5 32. Nf3 Ke7 33. Rh6 Bf5 34. Nxg5 Rg8 35. Nf3 Bg6 36. Rh4 Rf8 37. Ne5 1-0


[Site "https://www.chess.com"]